 Dungeon Crawl Stone Soup version 0.27-a0-1140-g099f9bb0e8 (webtiles) character file.

Game seed: 5118644456865097523

5940 jasper the Unhurried (level 10, -16/76 HPs)
             Began as a Demonspawn Hedge Wizard on May 9, 2021.
             Was a Believer of Cheibriados.
             Demolished by an efreet
             ... wielding a +4 scimitar of flaming
              (23 damage)
             ... on level 10 of the Dungeon.
             The game lasted 00:26:56 (14232 turns).

jasper the Unhurried (Demonspawn Hedge Wizard)     Turns: 14232, Time: 00:26:57

Health: -16/76     AC: 10    Str: 15    XL:     10   Next: 54%
Magic:  19/19      EV: 15    Int: 24    God:    Cheibriados [**....]
Gold:   371        SH:  0    Dex: 18    Spells: 3/21 levels left

rFire    + + .     SeeInvis .     - Unarmed
rCold    . . .     Faith    .   (no shield)
rNeg     . . .     Spirit   .   G - +1 steam dragon scales
rPois    .         Reflect  .   c - +0 hat
rElec    .         Harm     .   J - +0 cloak
rCorr    .         Rampage  .   (no gloves)
Will     .....                  (no boots)
Stlth    ++........             O - amulet of magic regeneration
HPRegen  0.22/turn              M - ring of protection from fire
MPRegen  0.41/turn              A - ring of protection from fire

@: mighty, studying Shields, very slow
A: claws 1, thin metallic scales 2, condensation shield
a: Renounce Religion, Bend Time


You were on level 10 of the Dungeon.
You worshipped Cheibriados.
Cheibriados was pleased with you.
You visited 2 branches of the dungeon, and saw 11 of its levels.

You collected 671 gold pieces.
You spent 300 gold pieces at shops.

Inventory:

Hand Weapons
 a - a +0 dagger
 e - a +0 short sword
 l - a +0 quarterstaff
 m - a +2 hand axe of flaming
 L - a +1 halberd of protection
 R - a +0 war axe
Missiles
 f - 155 stones
 r - 6 throwing nets
 C - 62 poisoned darts
 E - 3 atropa-tipped darts
 S - 2 boomerangs (quivered)
Armour
 b - a +0 robe
 c - a +0 hat (worn)
 h - a +0 ring mail
 G - +1 steam dragon scales (worn)
 J - a +0 cloak (worn)
Jewellery
 i - a +6 ring of dexterity
 v - a ring of willpower
 y - a ring of poison resistance
 A - a ring of protection from fire (right claw)
 F - a ring of ice
 M - a ring of protection from fire (left claw)
 O - an amulet of magic regeneration (around neck)
Wands
 q - a wand of polymorph (3)
 B - a wand of digging (7)
 Q - a wand of iceblast (4)
Scrolls
 d - a scroll of amnesia
 g - 3 scrolls of teleportation
 k - 2 scrolls of holy word
 s - 2 scrolls of fog
 u - a scroll of magic mapping
 x - 2 scrolls of vulnerability
 I - a scroll of immolation
 K - 2 scrolls of summoning
Potions
 j - 3 potions of cancellation
 n - a potion of might
 p - 3 potions of curing
 t - a potion of degeneration
 w - 2 potions of flight
 z - a potion of attraction
 H - a potion of mutation
 N - 2 potions of magic


   Skills:
 + Level 6.1 Fighting
 + Level 5.9 Dodging
 - Level 1.7 Stealth
 * Level 3.4 Unarmed Combat
 + Level 6.3 Spellcasting
 - Level 4.0 Conjurations
 - Level 1.0 Hexes
 - Level 1.0 Summonings
 - Level 0.8 Translocations
 - Level 2.0 Fire Magic
 - Level 4.0 Air Magic
 - Level 4.0 Poison Magic
 - Level 10.0 Invocations


You had 3 spell levels left.
You knew the following spells:

 Your Spells              Type           Power      Damage    Failure   Level
a - Magic Dart            Conj           100%       1d8       1%          1
b - Call Imp              Summ           12%        N/A       8%          2
c - Blink                 Tloc           N/A        N/A       9%          2
d - Slow                  Hex            12%        N/A       8%          2
e - Apportation           Tloc           22%        N/A       5%          1
f - Animate Skeleton      Necr           14%        N/A       8%          1
g - Conjure Flame         Conj/Fire      22%        6-21      7%          3
h - Mephitic Cloud        Conj/Pois/Air  26%        N/A       4%          3
i - Confusing Touch       Hex            12%        N/A       16%         3

Your spell library contained the following spells:

 Spells                   Type           Power      Damage    Failure   Level
 Corona                   Hex            13%        N/A       4%          1
 Summon Small Mammal      Summ           48%        N/A       4%          1
 Gell's Gravitas          Tloc           5%         N/A       16%         3
 Petrify                  Tmut/Erth      7%         N/A       58%         4
 Metabolic Englaciation   Hex/Ice        5%         N/A       86%         5
 Yara's Violent Unravell  Hex/Tmut       5%         3d4       86%         5


Dungeon Overview and Level Annotations

Branches:
Dungeon (10/15)            Temple (1/1) D:5
   Lair: D:8-11         Orc: D:9-12

Altars:
Cheibriados
Dithmenos
Gozag
Qazlal
Wu Jian
Zin
Lugonu

Shops:
D:2 =   D:3 (   D:6 (

Portals:
Abyss: D:4

Annotations:
D:5 3 runed translucent doors, NateTC's ghost, novice DjFE


Innate Abilities, Weirdness & Mutations

You have sharp fingernails.
You are mostly covered in thin metallic scales. (AC +3)
A meltable shield of frost defends you. (SH +0)


Message History

You scratch the efreet but do no damage.
The efreet is moderately wounded.
You feel yourself speed up.
Your crimson imp disappears in a puff of smoke!
The efreet gestures at you.
The fireball explodes!
The fireball engulfs you! You resist.
* * * LOW HITPOINT WARNING * * *
The fireball engulfs the efreet.
The efreet completely resists.
The efreet closely misses you.
You hear an angry hiss.
Your magical contamination has completely faded away.
You take 9 damage, and have 15/76 hp.
You feel much better. The efreet gestures at you. The bolt of fire hits you!
You resist.
You regained 8 hp, and now have 23/76 hp.
You feel very mighty all of a sudden.
A centaur comes into view.
The efreet hits you with a +4 scimitar of flaming!
* * * LOW HITPOINT WARNING * * *
The efreet burns you.
* * * LOW HITPOINT WARNING * * *
You take 9 damage, and have 14/76 hp.
You scratch the efreet but do no damage.
The efreet is moderately wounded.
Your claws stop glowing.
The efreet gestures at you. The bolt of fire hits you! You resist.
* * * LOW HITPOINT WARNING * * *
You take 12 damage, and have 2/76 hp.
MP restored: 19
As you read the scroll of fear, it crumbles to dust.
You assume a fearsome visage.
The centaur looks frightened!
The efreet is unaffected.
The efreet hits you with a +4 scimitar of flaming.
* * * LOW HITPOINT WARNING * * *
You take 1 damage, and have 1/76 hp.
You feel better.
The efreet hits you with a +4 scimitar of flaming!!
You die...

### ### ....
... . ....
..# ##
.##..##.# ..
........##.#
#........#
.###..##.##.#
......R@....#
....###...###
. #.....#
#...#<#
#####.# #.#
#.# #.# ..#


You could see an efreet.

Vanquished Creatures
  Harold (D:7)
  A two-headed ogre (D:9)
  An unseen horror (D:7)
  Prince Ribbit (D:7)
  4 yaks (D:8)
  A steam dragon (D:7)
  2 vampire mosquitoes (D:9)
  An acid dragon (D:9)
  2 ice beasts (D:7)
  A black bear (D:5)
  Duvessa (D:7)
  5 orc warriors
  A sky beast (D:6)
  A necrophage (D:7)
  3 centaurs
  2 ogres
  2 kobold brigands (D:9)
  A gnoll sergeant (D:7)
  2 bullfrogs
  2 scorpions (D:7)
  Dowan (D:7)
  A water moccasin zombie (D:6)
  A water moccasin skeleton (D:4)
  7 killer bees
  4 wights
  A bullfrog zombie (D:5)
  3 centaur zombies
  4 hounds
  A gnoll shaman (D:6)
  2 bullfrog skeletons
  2 iguanas
  2 orc wizards
  2 hound skeletons
  9 gnolls
  6 adders
  2 white imps
  A worm (D:3)
  A dart slug (D:5)
  19 orcs
  An endoplasm (D:1)
  3 giant cockroaches
  5 goblins
  9 hobgoblins
  7 quokkas
  5 ball pythons
  6 bats
  2 frilled lizards (D:1)
  12 kobolds
  5 rats
  2 lurking horrors (D:4)
161 creatures vanquished.

Vanquished Creatures (collateral kills)
  A necrophage (D:7)
  A scorpion (D:4)
  An orc priest (D:3)
  Ijyb (D:4)
  An adder (D:2)
  3 orcs
8 creatures vanquished.

Vanquished Creatures (others)
  A killer bee (D:9)
  2 fungi (D:10)
  3 plants
6 creatures vanquished.

Grand Total: 175 creatures vanquished

Notes
Turn   | Place    | Note
-------+----------+-------------------------------------------
     0 | D:1      | jasper the Demonspawn Hedge Wizard began the quest for the
                  | Orb.
     0 | D:1      | Reached XP level 1. HP: 13/13 MP: 4/4
   364 | D:1      | Gained mutation: A meltable shield of frost defends you.
                  | (SH +0) [demonic ancestry]
   364 | D:1      | Reached XP level 2. HP: 19/19 MP: 3/6
   637 | D:1      | Learned a level 2 spell: Call Imp
   640 | D:1      | Learned a level 2 spell: Blink
   643 | D:1      | Learned a level 2 spell: Slow
  1721 | D:2      | Learned a level 1 spell: Apportation
  1723 | D:2      | Learned a level 1 spell: Animate Skeleton
  1964 | D:2      | Gained mutation: You are partially covered in thin metallic
                  | scales. (AC +2) [demonic ancestry]
  1964 | D:2      | Reached XP level 3. HP: 24/24 MP: 6/8
  2101 | D:2      | Found Vagayxzuff's Jewellery Shoppe.
  2400 | D:3      | Reached XP level 4. HP: 13/30 MP: 1/10
  2446 | D:3      | Found a faded altar of an unknown god.
  2632 | D:3      | Learned a level 3 spell: Conjure Flame
  2720 | D:3      | Reached skill level 5 in Spellcasting
  3678 | D:4      | Reached XP level 5. HP: 35/35 MP: 6/12
  4266 | D:4      | Noticed Ijyb
  4273 | D:4      | Killed Ijyb
  4413 | D:4      | Learned a level 3 spell: Mephitic Cloud
  4559 | D:4      | Found a corrupted altar of Lugonu.
  4560 | D:4      | Found a one-way gate to the infinite horrors of the Abyss.
  4694 | D:4      | You fall into a shaft and drop 1 floor!
  4694 | D:5      | Entered Level 5 of the Dungeon
  5058 | D:4      | Reached skill level 1 in Air Magic
  5058 | D:4      | Reached skill level 1 in Poison Magic
  5058 | D:4      | Reached XP level 6. HP: 14/41 MP: 6/15
  5650 | D:5      | You fall into a shaft and drop 3 floors!
  5651 | D:8      | Noticed an orc warrior
  5653 | D:8      | Killed an orc warrior
  5654 | D:8      | Gained mutation: You have sharp fingernails. [demonic
                  | ancestry]
  5654 | D:8      | Reached XP level 7. HP: 41/46 MP: 12/16
  5774 | D:7      | Noticed Dowan
  5774 | D:7      | Noticed Duvessa
  5779 | D:7      | Killed Duvessa
  5779 | D:7      | Killed Dowan
  5801 | D:7      | Noticed a steam dragon
  5808 | D:7      | Killed a steam dragon
  5930 | D:7      | Noticed Harold
  5945 | D:7      | Killed Harold
  5946 | D:7      | Reached XP level 8. HP: 44/59 MP: 14/17
  6070 | D:7      | Reached skill level 1 in Hexes
  6070 | D:7      | Reached skill level 1 in Fire Magic
  6468 | D:7      | Reached XP level 9. HP: 46/66 MP: 18/18
  6725 | D:7      | Found an ornate altar of the Wu Jian Council.
  6725 | D:7      | Found a snail-covered altar of Cheibriados.
  6764 | D:7      | Became a worshipper of Cheibriados the Contemplative
  7007 | D:7      | Noticed Prince Ribbit
  7020 | D:7      | Killed Prince Ribbit
  7146 | D:7      | Reached skill level 5 in Fighting
  7146 | D:7      | Reached skill level 5 in Dodging
  7330 | D:7      | Found a shadowy altar of Dithmenos.
  7354 | D:7      | Reached skill level 1 in Invocations
  7649 | D:7      | Learned a level 3 spell: Confusing Touch
  7811 | D:7      | Reached skill level 2 in Invocations
  7962 | D:7      | Reached skill level 1 in Unarmed Combat
  8039 | D:6      | Found Assa's Weapon Boutique.
  8337 | D:6      | Reached skill level 3 in Invocations
  8540 | D:6      | Reached * piety under Cheibriados
  8559 | D:6      | Reached skill level 4 in Invocations
  8966 | D:5      | Found a staircase to the Ecumenical Temple.
  9187 | D:2      | Bought an amulet of magic regeneration for 300 gold pieces
  9217 | D:3      | Found Sereunar's Weapon Shop.
  9455 | D:3      | Found a stormy altar of Qazlal.
  9614 | D:3      | Reached skill level 5 in Invocations
  9922 | D:5      | Found a runed translucent gate.
  9922 | D:5      | Found a runed translucent gate.
  9922 | D:5      | Noticed NateTC's ghost (novice DjFE)
  9923 | D:5      | Found a runed translucent gate.
 10260 | D:5      | Reached ** piety under Cheibriados
 10483 | Temple   | Entered the Ecumenical Temple
 10639 | D:6      | Reached skill level 6 in Invocations
 11153 | D:7      | Killed an unseen horror
 11154 | D:7      | Reached skill level 7 in Invocations
 11907 | D:8      | Gained mutation: You are mostly covered in thin metallic
                  | scales. (AC +3) [demonic ancestry]
 11907 | D:8      | Reached XP level 10. HP: 30/70 MP: 19/19
 12129 | D:8      | Reached skill level 8 in Invocations
 12407 | D:8      | Reached skill level 9 in Invocations
 12708 | D:9      | Noticed a two-headed ogre
 12719 | D:9      | Killed a two-headed ogre
 12720 | D:9      | Reached skill level 10 in Invocations
 14199 | D:10     | Entered Level 10 of the Dungeon
 14230 | D:10     | HP: 2/76 [efreet/bolt of fire (13)]
 14232 | D:10     | Demolished by an efreet

Illustrated notes

Levels and vault maps discovered:
D:1:      arrival_zaba_pyramid, layout_loops_ring, minivault_14,
          kennysheep_another_room
D:2:      layout_loops_ring, serial_shops, nicolae_shop_crystal, dk_vineyard_2
D:3:      layout_loops_ring, nicolae_qazlal_eye_of_the_storm, serial_shops,
          shop, shapermc_ecumenical_altar_flowoftime, hangedman_decor_points,
          kennysheep_generic_room_7
D:4:      layout_basic, minivault_27, amcnicky_altar_lugonu_corruption,
          uniq_ijyb
D:5:      minmay_general_purpose_star, layout_loops_ring,
          minmay_temple_entry_offerings, ebering_ghost_rock_garden
D:6:      layout_loops_corners, serial_shops, shop, minmay_misc_feat_diagonals
D:7:      minmay_chambers_of_fours, layout_basic, grunt_dithmenos_smoke,
          gammafunk_temple_overflow_claw, minivault_5, uniq_harold,
          uniq_duvessa, uniq_prince_ribbit1
D:8:      layout_loops_cross, serial_park_tiny_1
D:9:      layout_irregular_city
D:10:     layout_loops_cross, minmay_lair_entry_grove, uniq_joseph
Temple:   minmay_crystal_spiral_temple

Skill      XL: |  1  2  3  4  5  6  7  8  9 10 |
---------------+-------------------------------+-----
Spellcasting   | 4 5 6 |  6.3
Air Magic      | 1 2 4 |  4.0
Poison Magic   | 1 2 4 |  4.0
Conjurations   | 2 4 |  4.0
Fighting       | 3 4 5 6 |  6.1
Dodging        | 3 4 5 |  5.9
Hexes          | 1 |  1.0
Fire Magic     | 1 2 |  2.0
Invocations    | 7 10 | 10.0
Unarmed Combat | 2 3 |  3.4
Stealth        | |  1.7
Summonings     | |  1.0
Translocations | |  0.8

Action                   |  1- 3 |  4- 6 |  7- 9 | 10-12 || total
-------------------------+-------+-------+-------+-------++-------
Melee: Short sword       |    15 |    12 |       |       ||    27
       Hand axe          |       |    27 |   288 |       ||   315
       Halberd           |       |       |    54 |    42 ||    96
       Unarmed           |       |       |     5 |   100 ||   105
       Punch             |       |       |       |     2 ||     2
Throw: Boomerang         |       |       |       |    16 ||    16
 Cast: Magic Dart        |    73 |    91 |    65 |     7 ||   236
       Call Imp          |     4 |    10 |    11 |     2 ||    27
       Blink             |       |     7 |       |     1 ||     8
       Mephitic Cloud    |       |     1 |    21 |    11 ||    33
       Conjure Flame     |       |       |     4 |     1 ||     5
       Confusing Touch   |       |       |       |     4 ||     4
Evoke: Wand              |       |     4 |    20 |     5 ||    29
  Use: Scroll            |     4 |     2 |    13 |     3 ||    22
       Potion            |     3 |       |     3 |     4 ||    10
 Stab: Confused          |       |       |     9 |    10 ||    19
       Distracted        |       |       |     1 |     1 ||     2
       Sleeping          |       |       |     1 |       ||     1
Armor: Robe              |     5 |    12 |       |       ||    17
       Skin              |     4 |       |     5 |     9 ||    18
       Steam dragon scal |       |       |   101 |    27 ||   128
Dodge: Dodged            |    10 |    24 |   293 |   106 ||   433
Block: Other             |     2 |     3 |    66 |    26 ||    97

Table legend: (Time is in decaauts)
 A = Elapsed time spent in this place.
 B = Non-inter-level travel time spent in this place.
 C = Inter-level travel time spent in this place.
 D = Time resting spent in this place.
 E = Time spent auto-exploring this place.
 F = Levels seen in this place.
 G = Mean time per level.
                   A        B        C        D        E       F      G
               +--------+--------+--------+--------+--------+-----+--------+
         Total |  16015 |  15382 |    633 |   2517 |  10792 |  11 | 1455.9 |
       Dungeon |  16014 |  15381 |    633 |   2517 |  10792 |  10 | 1601.4 |
        Temple |      1 |      1 |      0 |      0 |      0 |   1 |    1.0 |
               +--------+--------+--------+--------+--------+-----+--------+

Top non-repeatable levels by time:
     D:7: 3291 daAuts
     D:3: 1993 daAuts
     D:9: 1815 daAuts
     D:6: 1696 daAuts
     D:4: 1658 daAuts
     D:5: 1486 daAuts
     D:8: 1486 daAuts
     D:1: 1434 daAuts
     D:2: 1112 daAuts
    D:10: 38 daAuts
  Temple: 1 daAuts
